 Dungeon Crawl Stone Soup version 0.30.0-19-g36f170ea60 (webtiles) character file.

Game seed: 11832476945993212894

46634 wingedge the Spear-Bearer (level 14, -6/148 HPs)
             Began as a Human Wanderer on May 30, 2023.
             Was a High Priest of Hepliaklqana.
             Mangled by a fire elemental (13 damage)
             ... led by Azrael
             ... on level 2 of the Orcish Mines on May 31, 2023.
             The game lasted 01:36:46 (20409 turns).

wingedge the Spear-Bearer (Human Wanderer)         Turns: 20409, Time: 01:36:47

Health: -6/148     AC: 23    Str: 16    XL:     14   Next: 77%
Magic:  18/19      EV: 15    Int:  9    God:    Hepliaklqana [*****.]
Gold:   855        SH:  5    Dex: 20    Spells: 11/19 levels left

rFire   . . .        a - +1 glaive
rCold   . . .        (shield currently unavailable)
rNeg    + + +        Z - +3 troll leather armour of Insecurity {+Blink Regen+}
rPois   .            x - +0 helmet
rElec   .            F - +2 cloak {rCorr}
rCorr   +            Q - +2 pair of gloves {Dex+3}
SInv    +            I - +1 pair of boots {Stlth+}
Will    ++...        U - amulet of reflection Stlth
                     Y - ring of Jikhliud {rN+++ AC+4 Int-3 Dex+2 SInv}
HPRegen 1.24/turn    k - ring of willpower
MPRegen 0.16/turn

%: reflection
@: berserking, hasted, studying Dodging, very quick
A: reduced essence
a: Renounce Religion, Evoke Blink, Recall Ancestor, Ancestor Identity,
Transference, Idealise


You were on level 2 of the Orcish Mines.
You worshipped Hepliaklqana.
Hepliaklqana was extremely pleased with you.
You visited 4 branches of the dungeon, and saw 19 of its levels.
You also visited: Sewer, Ossuary and Bailey.

You collected 1852 gold pieces.
You spent 997 gold pieces at shops.

Inventory:

Hand Weapons
 a - a +1 glaive (weapon)
 A - a +2 antimagic trident
Missiles
 e - 4 javelins
 l - 10 throwing nets (quivered)
 W - 5 curare-tipped darts
Armour
 x - a +0 helmet (worn)
 C - a +0 tower shield of protection
 F - a +2 cloak of preservation (worn)
 I - a +1 pair of boots of stealth (worn)
 Q - a +2 pair of gloves of dexterity (worn)
 V - the +1 plate armour of the Valley {Fly rF+ rC+}
   (You found it on level 10 of the Dungeon)

   rF:        It protects you from fire.
   rC:        It protects you from cold.
   Fly:       It grants you flight.
 Z - the +3 troll leather armour of Insecurity (worn) {+Blink Regen+}
   (You bought it in a shop on level 7 of the Dungeon)

   +Blink:    It lets you blink.
   Regen:     It increases your rate of health regeneration.
Magical Staves
 n - a staff of earth
Jewellery
 b - a ring of fire
 k - a ring of willpower (right hand)
 E - a ring of resist corrosion
 H - a ring of magical power
 N - a ring of positive energy
 T - a +6 ring of strength
 U - an amulet of reflection (around neck)
 Y - the ring of Jikhliud (left hand) {rN+++ AC+4 Int-3 Dex+2 SInv}
   (You acquired it on level 5 of the Lair of Beasts)

   [ring of protection]

   AC:        It affects your AC (+4).
   Int:       It affects your intelligence (-3).
   Dex:       It affects your dexterity (+2).
   rN:        It renders you almost immune to negative energy.
   SInv:      It lets you see invisible.
Wands
 f - a wand of charming (14)
 m - a wand of polymorph (8)
 t - a wand of mindburst (33)
 v - a wand of flame (24)
 S - a wand of roots (12)
 X - a wand of light (5)
Scrolls
 c - 8 scrolls of fog
 d - 4 scrolls of vulnerability
 g - 16 scrolls of teleportation
 j - 3 scrolls of enchant weapon
 o - a scroll of blinking
 r - 4 scrolls of amnesia
 u - 4 scrolls of magic mapping
 y - a scroll of torment
 J - 4 scrolls of fear
Potions
 h - 3 potions of attraction {unknown}
 i - 2 potions of cancellation
 p - 13 potions of curing
 q - 8 potions of flight
 w - 5 potions of heal wounds
 z - 3 potions of berserk rage
 B - 4 potions of might
 D - 4 potions of brilliance
 G - 3 potions of ambrosia {unknown}
 K - 4 potions of magic
 L - 3 potions of lignification {unknown}
 M - 2 potions of mutation {unknown}
 P - 2 potions of haste
Miscellaneous
 s - a tin of tremorstones (inert)


   Skills:
 + Level 10.7 Fighting
 - Level 2.0 Short Blades
 + Level 14.4 Polearms
 - Level 5.0 Throwing
 + Level 8.9 Armour
 + Level 5.8 Dodging
 - Level 2.0 Stealth
 + Level 3.3 Spellcasting
 + Level 4.3 Translocations
 + Level 5.2 Transmutations
 + Level 3.4 Ice Magic
 + Level 4.2 Air Magic
 - Level 7.0 Invocations
 + Level 6.1 Evocations


You had 11 spell levels left.
You knew the following spells:

 Your Spells              Type           Power      Damage    Failure   Level
a - Wereblood             Tmut           11%        N/A       6%          2
b - Ozocubu's Armour      Ice            7%         N/A       26%         3
c - Vhi's Electric Charg  Tloc/Air       18%        N/A       19%         3

Your spell library contained the following spells:

 Spells                   Type           Power      Damage    Failure   Level
 Shock                    Conj/Air       20%        1d4       14%         1
 Magic Dart               Conj           4%         1d3       34%         1
 Scorch                   Fire           2%         2d5       45%         2
 Sublimation of Blood     Necr           1%         N/A       45%         2
 Stone Arrow              Conj/Erth      2%         3d7       71%         3
 Summon Guardian Golem    Hex/Summ       1%         N/A       71%         3
 Summon Lightning Spire   Summ/Air       5%         N/A       82%         4
 Flame Wave               Conj/Fire      1%         2d4       98%         4
 Arcjolt                  Conj/Air       2%         1d12      99%         5
 Metabolic Englaciation   Hex/Ice        2%         N/A       99%         5
 Fireball                 Conj/Fire      0%         3d3       100%        5
 Iskenderun's Battlesphe  Conj           1%         2d6       100%        5
 Conjure Ball Lightning   Conj/Air       2%         3x3d6     100%        6
 Simulacrum               Ice/Necr       2%         N/A       100%        6
 Summon Cactus Giant      Summ           0%         N/A       100%        6
 Orb of Destruction       Conj           0%         9d5       100%        7
 Spellforged Servitor     Conj/Summ      0%         N/A       100%        7
 Storm Form               Tmut/Air       5%         N/A       100%        7
 Summon Hydra             Summ           0%         N/A       100%        7
 Maxwell's Capacitive Co  Air            4%         ∞         100%        8
 Fire Storm               Conj/Fire      0%         6d1       100%        9


Dungeon Overview and Level Annotations

Branches:
Dungeon (11/15)            Temple (1/1) D:4            Lair (5/5) D:8
  Swamp (0/4) Lair:3        Snake (0/4) Lair:3        Slime (0/5) Lair:5
    Orc (2/2) D:11          Sewer (visited)         Ossuary (visited)
 Bailey (visited)
    Elf: Orc:2

Altars:
Dithmenos
Elyvilon
Gozag
Hepliaklqana
Kikubaaqudgha
Makhleb
Nemelex Xobeh
Okawaru
Qazlal
Ru
Sif Muna
Trog
Vehumet
Wu Jian
Yredelemnul
Zin
The Shining One
Lugonu

Shops:
D:7 ?*(*   D:10 [

Portals:
Abyss: Lair:5

Annotations:
D:2 passwall
D:5 passwall
D:7 2 transporters
Lair:2 2 transporters, middlethird's ghost, journeyman VSAE
Orc:2 Azrael


Message History

The fire elemental hits you. The fire elemental burns you!
The fire elemental closely misses you.
Anedjib completely misses the orc sorcerer.
The hell hound bites you.
You slice the hell hound!!
You kill the hell hound!
The fire elemental hits you. The fire elemental burns you!
* * * LOW HITPOINT WARNING * * *
The fire elemental barely misses you.
Anedjib hits the orc sorcerer with a +0 dagger of draining.
The orc sorcerer gestures at you while chanting.
Anedjib suddenly stops moving!
You closely miss the fire elemental.
The fire elemental is lightly damaged.
The fire elemental misses you. The fire elemental hits you.
The fire elemental burns you!
* * * LOW HITPOINT WARNING * * *
The orc sorcerer completely misses Anedjib.
Azrael hits you with a +2 scimitar of flaming.
* * * LOW HITPOINT WARNING * * *
Azrael burns you.
* * * LOW HITPOINT WARNING * * *
An orc priest comes into view. It is wielding a +0 dagger.
You slash Azrael!
Azrael is lightly wounded.
The fire elemental closely misses you. The fire elemental hits you.
The fire elemental burns you!
* * * LOW HITPOINT WARNING * * *
You hit Azrael.
Azrael is lightly wounded.
The orc sorcerer gestures wildly while chanting.
Azrael closely misses you.
The fire elemental completely misses you.
The fire elemental hits you. The fire elemental burns you!
* * * LOW HITPOINT WARNING * * *
You slash Azrael!
Azrael is moderately wounded.
The sixfirhy is engulfed in blazing flames.
The fire elemental hits you. The fire elemental burns you!
You die...

..... #o.... #......
#########.......
...............
####..#.....o.....
##.#......).E......
#......#...@R3.....
#.#.......RE......
#.........o°.....
##................
#......##$........
#................. ##.
#.................
#...##................
#.................


You could see the friendly Anedjib the hexer (paralysed), Azrael, a sixfirhy
(summoned), 2 fire elementals, an orc sorcerer (ally target), an orc priest and
an orc wizard.

Vanquished Creatures
  Nessos (Orc:2)
  3 hydras
  A catoblepas (Lair:2)
  3 death yaks
  A two-headed ogre (D:10)
  2 thrashing horrors (Lair:5)
  A skyshark (Lair:4)
  A fire crab (Lair:5)
  2 large abominations (Lair:5)
  A deep elf pyromancer (D:10)
  A faun (shapeshifter) (Lair:5)
  2 orc sorcerers (Orc:1)
  An ugly thing (Lair:5)
  A manticore (D:11)
  5 elephants (Lair:3)
  Maurice (D:9)
  A torpor snail (Lair:5)
  6 cane toads
  A rime drake (Lair:5)
  4 komodo dragons
  A kobold demonologist (D:11)
  Psyche (D:9)
  3 trolls
  2 ancient zymes (Lair:5)
  A polar bear (Lair:5)
  13 blink frogs
  A hornet (D:8)
  3 dream sheep (Lair:5)
  A vampire (D:11)
  A spriggan (Lair:5)
  3 wyverns
  A wraith (D:11)
  A ynoxinul (Lair:5)
  10 yaks
  4 basilisks (Lair:5)
  3 chaos spawn (Lair:5)
  3 steam dragons
  Grum (Bailey)
  4 vampire mosquitoes (D:10)
  Edmund (D:6)
  A warg (Orc:1)
  5 small abominations (Lair:5)
  Duvessa (D:6)
  2 acid dragons
  3 nagas (Lair:3)
  2 hell hounds (Orc:2)
  6 water moccasins
  An ice beast (D:7)
  3 black bears
  6 orc warriors
  2 ogres
  7 wolves
  4 centaurs
  3 kobold brigands
  7 gnoll sergeants
  9 bullfrogs
  2 scorpions
  13 wights
  2 water moccasin zombies (Ossuary)
  Dowan (D:6)
  2 killer bees (D:10)
  4 electric eels
  A hexer (Lair:3)
  2 howler monkeys
  2 jellies
  8 hounds
  5 orc priests
  6 gnoll boudas (Bailey)
  Crazy Yiuf (D:6)
  A sleepcap (D:6)
  2 iguanas (D:5)
  7 orc wizards
  A sickly merfolk siren (Sewer)
  A malarious merfolk avatar (Sewer)
  2 mummies (Ossuary)
  15 gnolls
  A river rat (Sewer)
  13 adders
  2 white imps (D:6)
  An ufetubus (D:5)
  3 adder zombies (Ossuary)
  3 worms
  2 dart slugs
  42 orcs
  4 bats
  11 endoplasms
  10 giant cockroaches
  2 gnoll zombies (Ossuary)
  4 goblins
  6 hobgoblins
  3 jackals
  16 kobolds
  8 quokkas
  11 ball pythons
  8 frilled lizards
  5 kobold zombies (Ossuary)
  2 orc zombies (Ossuary)
  19 rats
413 creatures vanquished.

Vanquished Creatures (collateral kills)
  Harold (D:9)
  A boulder beetle (Lair:3)
  3 death yaks (Lair:5)
  Sonja (Lair:4)
  A skyshark (Lair:5)
  An ugly thing (Lair:5)
  A black mamba (Lair:5)
  Joseph (D:7)
  4 cane toads
  An unseen horror (D:11)
  4 komodo dragons
  An ancient zyme (Lair:5)
  A troll (D:11)
  A polar bear (Lair:5)
  5 blink frogs
  4 dream sheep (Lair:5)
  A yak (Lair:5)
  Eustachio (D:6)
  2 wyverns
  A chaos spawn (Lair:5)
  3 basilisks
  A large abomination (Lair:5)
  3 water moccasins
  An orc warrior (Orc:1)
  3 wolves (Lair:5)
  5 small abominations (Lair:5)
  6 bullfrogs
  A scorpion (D:6)
  2 gnoll sergeants
  A hexer (Lair:5)
  A wight (D:9)
  2 killer bees (D:10)
  3 electric eels
  A howler monkey (D:9)
  2 hounds (Bailey)
  An orc priest (D:10)
  An iguana (D:6)
  7 orc wizards
  7 gnolls
  4 adder zombies (Ossuary)
  8 orcs
  3 endoplasms (Lair:5)
  A giant cockroach (Sewer)
  A jackal (D:5)
  2 training dummies (D:6)
  A gnoll zombie (Ossuary)
  2 hobgoblin zombies (Ossuary)
  2 kobolds (D:10)
  2 kobold zombies (Ossuary)
  2 orc zombies (Ossuary)
  A rat (Sewer)
116 creatures vanquished.

Vanquished Creatures (others)
  16 hexers
  2 ancestors (D:6)
  2 adders
20 creatures vanquished.

Grand Total: 549 creatures vanquished

Notes
Turn   | Place    | Note
-------+----------+-------------------------------------------
     0 | D:1      | wingedge the Human Wanderer began the quest for the Orb.
     0 | D:1      | wingedge set off with the following items: a +1 rapier, a
                  | +0 spear, a scroll of fog, a +0 leather armour.
     0 | D:1      | Reached XP level 1. HP: 16/16 MP: 2/2
   115 | D:1      | Reached XP level 2. HP: 23/23 MP: 3/3
   784 | D:1      | Reached XP level 3. HP: 20/29 MP: 4/4
  1258 | D:2      | Found a glowing golden altar of the Shining One.
  1472 | D:2      | Reached XP level 4. HP: 31/35 MP: 5/7
  1909 | D:3      | Found an opulent altar of Gozag.
  2015 | D:3      | Reached XP level 5. HP: 40/41 MP: 8/8
  2065 | D:3      | Found a glowing drain.
  2077 | Sewer    | Entered a sewer
  2260 | Sewer    | Reached skill level 4 in Polearms
  2325 | Sewer    | Reached XP level 6. HP: 48/48 MP: 9/9
  2409 | D:3      | Found a burning altar of Makhleb.
  2594 | D:3      | Reached skill level 5 in Polearms
  2831 | D:3      | Found a glowing golden altar of the Shining One.
  3033 | D:3      | Found a basalt altar of Yredelemnul.
  3045 | D:3      | Found a hazy altar of Hepliaklqana.
  3089 | D:3      | Became a worshipper of Hepliaklqana the Forgotten
  3665 | D:4      | Found a white marble altar of Elyvilon.
  3672 | D:4      | Reached XP level 7. HP: 50/54 MP: 10/10
  4074 | D:4      | Reached skill level 6 in Polearms
  4229 | D:4      | Found a staircase to the Ecumenical Temple.
  4238 | Temple   | Entered the Ecumenical Temple
  4302 | D:5      | Entered Level 5 of the Dungeon
  4453 | D:5      | Reached * piety under Hepliaklqana
  4476 | D:5      | Reached skill level 7 in Polearms
  4490 | D:5      | Found a sand-covered staircase.
  4565 | Ossuary  | Entered an ossuary
  4608 | Ossuary  | Reached XP level 8. HP: 35/54 MP: 11/11
  4719 | Ossuary  | Reached skill level 8 in Polearms
  4839 | D:5      | Found a sparkling altar of Nemelex Xobeh.
  4849 | D:5      | Reached skill level 1 in Armour
  5548 | D:6      | Reached skill level 5 in Fighting
  5672 | D:6      | Reached skill level 1 in Invocations
  5713 | D:6      | Noticed Edmund
  5865 | D:6      | Noticed Eustachio
  5873 | D:6      | Killed Eustachio
  5874 | D:6      | Reached XP level 9. HP: 61/61 MP: 12/12
  5956 | D:6      | Reached ** piety under Hepliaklqana
  5957 | D:6      | Remembered your ancestor Anedjib as a hexer
  5972 | D:6      | Killed Edmund
  6083 | D:6      | Noticed Duvessa
  6083 | D:6      | Noticed Dowan
  6091 | D:6      | Killed Duvessa
  6106 | D:6      | Killed Dowan
  6158 | D:6      | Identified the +5 hammer of the Eggplant {protect, SInv}
  6160 | D:6      | Found a runed translucent door.
  6161 | D:6      | Noticed Crazy Yiuf
  6167 | D:6      | Killed Crazy Yiuf
  6339 | D:7      | Noticed Joseph
  6383 | D:7      | Killed Joseph
  6470 | D:7      | Reached skill level 9 in Polearms
  6496 | D:7      | Found a transporter.
  6499 | D:7      | Noticed a kobold demonologist
  6500 | D:7      | Noticed a kobold demonologist
  6521 | D:7      | Found a transporter.
  6648 | D:7      | Found Befilooh's General Store.
  6653 | D:7      | Reached skill level 5 in Armour
  6684 | D:7      | Reached XP level 10. HP: 40/69 MP: 13/13
  6825 | D:7      | Found an iron altar of Okawaru.
  6900 | D:7      | Found Givyps's Antique Weapon Boutique.
  6909 | D:7      | Found Ecoeb's Assorted Antiques.
  6933 | D:7      | Bought a bubbling clear potion for 20 gold pieces
  6933 | D:7      | Bought a pair of glowing gloves for 172 gold pieces
  7066 | D:7      | Found Yruzeyr's Magic Scroll Shop.
  7081 | D:7      | Bought a scroll of blinking for 90 gold pieces
  7212 | D:8      | Found a staircase to the Lair.
  7270 | D:8      | Reached skill level 1 in Dodging
  7270 | D:8      | Reached skill level 1 in Transmutations
  7869 | D:9      | Learned a level 2 spell: Wereblood
  7878 | D:9      | Found a flagged portal.
  7882 | D:9      | Reached *** piety under Hepliaklqana
  7887 | Bailey   | Entered a bailey
  8012 | Bailey   | Noticed Grum
  8029 | Bailey   | Killed Grum
  8223 | Bailey   | Reached skill level 1 in Throwing
  8224 | Bailey   | Reached skill level 10 in Polearms
  8240 | Bailey   | Reached XP level 11. HP: 30/76 MP: 13/15
  8506 | D:9      | Found a stormy altar of Qazlal.
  8797 | D:9      | Noticed Maurice
  8808 | D:9      | Killed Maurice
  8832 | D:9      | Found a radiant altar of Vehumet.
  8850 | D:9      | Noticed Harold
  8861 | D:9      | Killed Harold
  8862 | D:9      | Reached skill level 1 in Ice Magic
  9260 | D:9      | Found a shimmering blue altar of Sif Muna.
  9265 | D:9      | Learned a level 3 spell: Ozocubu's Armour
  9295 | D:9      | Noticed Psyche
  9302 | D:9      | Killed Psyche
  9305 | D:9      | Found a glowing silver altar of Zin.
  9394 | D:9      | Found an ornate altar of the Wu Jian Council.
  9429 | D:10     | Entered Level 10 of the Dungeon
  9583 | D:10     | Noticed a two-headed ogre
  9590 | D:10     | Killed a two-headed ogre
  9591 | D:10     | Reached skill level 5 in Transmutations
  9913 | D:10     | Identified the +1 plate armour of the Valley {Fly rF+ rC+}
 10446 | D:10     | Noticed a deep elf pyromancer
 10450 | D:10     | Killed a deep elf pyromancer
 10651 | D:10     | Found Fygyzit's Antique Armour Shop.
 10660 | D:10     | Bought a pair of glowing boots for 187 gold pieces
 10768 | Lair:1   | Entered Level 1 of the Lair of Beasts
 10788 | Lair:1   | Got the Tome of the Vulture
 10801 | Lair:1   | Reached **** piety under Hepliaklqana
 10932 | Lair:1   | Reached XP level 12. HP: 84/84 MP: 16/16
 11145 | Lair:1   | Reached skill level 1 in Air Magic
 11218 | Lair:1   | Reached skill level 1 in Translocations
 11470 | Lair:2   | Reached skill level 11 in Polearms
 11949 | Lair:2   | Found a transporter.
 11962 | Lair:2   | Found a transporter.
 11966 | Lair:2   | Noticed middlethird's ghost (journeyman VSAE)
 11968 | Lair:2   | Noticed a death yak
 12239 | Lair:2   | Noticed a catoblepas
 12248 | Lair:2   | Killed a catoblepas
 12499 | Lair:3   | Noticed a six-headed hydra
 12510 | Lair:3   | Killed a six-headed hydra
 12511 | Lair:3   | Reached skill level 5 in Invocations
 12511 | Lair:3   | Reached ***** piety under Hepliaklqana
 12923 | Lair:3   | Noticed a four-headed hydra
 13223 | Lair:3   | Reached skill level 5 in Throwing
 13346 | Lair:3   | Killed a six-headed hydra
 13507 | Lair:3   | Found a staircase to the Swamp.
 13743 | Lair:3   | Noticed a boulder beetle
 13753 | Lair:3   | Killed a boulder beetle
 13817 | Lair:3   | Found a staircase to the Snake Pit.
 13831 | Lair:3   | Reached XP level 13. HP: 55/90 MP: 17/17
 14454 | Lair:4   | Reached skill level 12 in Polearms
 14770 | Lair:4   | Noticed Sonja
 14782 | Lair:4   | Killed Sonja
 15650 | Lair:5   | Entered Level 5 of the Lair of Beasts
 15705 | Lair:5   | Noticed an eight-headed hydra
 15728 | Lair:4   | Reached skill level 13 in Polearms
 15986 | Lair:5   | Found a staircase to the Slime Pits.
 16543 | Lair:4   | HP: 4/91 [yak (10)]
 16548 | Lair:4   | HP: 1/92 [yak (6)]
 16928 | Lair:5   | Killed a nine-headed hydra
 16929 | Lair:5   | Reached skill level 5 in Evocations
 17140 | Lair:5   | Identified a scroll of acquirement
 17140 | Lair:5   | Acquired the ring of Jikhliud {rN+++ AC+4 Int-3 Dex+2 SInv}
 17169 | Lair:5   | Reached skill level 10 in Fighting
 17201 | Lair:5   | Reached XP level 14. HP: 99/99 MP: 14/19
 17911 | Lair:5   | Reached skill level 14 in Polearms
 18269 | Lair:5   | Reached skill level 5 in Dodging
 18520 | Lair:5   | Found a corrupted altar of Lugonu.
 18520 | Lair:5   | Found a one-way gate to the infinite horrors of the Abyss.
 18846 | D:7      | Bought the +3 troll leather armour of Insecurity {+Blink
                  | Regen+} for 528 gold pieces
 18862 | D:7      | Learned a level 3 spell: Vhi's Electric Charge
 19450 | D:11     | Found a staircase to the Orcish Mines.
 20025 | Orc:1    | Entered Level 1 of the Orcish Mines
 20032 | Orc:1    | Paralysed by an orc sorcerer for 4 turns
 20358 | Orc:2    | Entered Level 2 of the Orcish Mines
 20389 | Orc:2    | Noticed Nessos
 20391 | Orc:2    | Noticed Azrael
 20399 | Orc:2    | Killed Nessos
 20408 | Orc:2    | HP: 7/148 [fire elemental[Azrael] (12)]
 20409 | Orc:2    | Mangled by a fire elemental

Illustrated notes

Levels and vault maps discovered:
D:1:      psy_arrival_radial02, layout_basic
D:2:      layout_basic, basic_altar, due_unseen_surprise
D:3:      layout_loops_cross, bloody_makhleb, old_standard_altar,
          grunt_gozag_breadcrumbs, mainiacjoe_overflow_big_doors,
          portal_sewer_entry_f, st_stairs_2, minmay_between
D:4:      layout_cave_pods, nicolae_elyvilon_temple_path,
          minmay_temple_entry_poolview
D:5:      layout_loops_ring, nemelex_xobeh_ov_fountains_minmay,
          nicolae_ossuary_entry_false_entrances, due_unseen_surprise
D:6:      dreamdust_elfheim, layout_cave_pools, serial_park, serial_park_tiny_1,
          serial_park_avenue1, serial_park_square3
          [serial_park_minivault_5x5_1], uniq_eustachio,
          uniq_crazy_yiuf_cottage, uniq_edmund
D:7:      gammafunk_wand_slinger, layout_rooms, mainiacjoe_overflow_alcove_4,
          serial_shops, nicolae_stop_n_shop_1, shop, shop_statue,
          nicolae_shop_tiny_waterfront, supply_closet_lemuel,
          chequers_serial_rivers_large_a, uniq_joseph
D:8:      layout_basic, lair_entry_dummy
D:9:      layout_roguey, pdpol_wu_jian_five_deadly_venoms,
          lemuel_blue_sif_altar, grunt_qazlal_clouds,
          mainiacjoe_overflow_chevrons, general_overflow_altar, enter_bailey_8,
          minmay_misc_feat_room, hangedman_abyss_or_decor_stagger, uniq_harold,
          uniq_maurice, uniq_psyche
D:10:     layout_cave_pods, serial_shops, nicolae_shop_statue_plus,
          fungi_pond_lemuel, wad_floor_pattern_untrapped,
          nicolae_concentric_dashed_squares_mild
D:11:     layout_stronghold, orc_0_dummy
Temple:   pf_slimified_temple
Lair:1:   layout_regular_city
Lair:2:   layout_regular_city, gammafunk_ghost_berserking_beasts, serial_bayou,
          serial_bayou_pond_e, serial_bayou_pond_a, serial_bayou_lagoon_b,
          serial_bayou_lagoon_a
Lair:3:   layout_misc_corridors, swamp_mist, nicolae_snake_entry_squirm,
          serial_rivers, chequers_serial_rivers_large_b,
          chequers_serial_rivers_micro_c, chequers_serial_rivers_micro_c,
          chequers_serial_rivers_micro_a, chequers_serial_rivers_room_a,
          serial_bayou_lake_a
Lair:4:   layout_cave_pods, serial_bayou_shore_a, grunt_megastairs_2,
          lemuel_fruit_tree, uniq_sonja
Lair:5:   hellmonk_lair_end_abyssal_woods, layout_small_grid,
          nicolae_slime_entry_slimehenge
Orc:1:    layout_caves, mines2_lemuel
Orc:2:    st_orc_mages, layout_caves, uniq_nessos, uniq_rupert, uniq_azrael

Skill      XL: |  1  2  3  4  5  6  7  8  9 10 11 12 13 14 |
---------------+-------------------------------------------+-----
Fighting       | 3 4 5 6 7 8 9 10 | 10.7
Stealth        | 2 |  2.0
Spellcasting   | 2 3 |  3.3
Polearms       | 4 5 7 8 9 10 11 13 14 | 14.4
Armour         | 3 5 6 7 8 |  8.9
Invocations    | 2 3 4 6 7 |  7.0
Evocations     | 3 5 6 |  6.1
Dodging        | 3 4 5 |  5.8
Transmutations | 3 5 |  5.2
Throwing       | 1 3 5 |  5.0
Ice Magic      | 3 |  3.4
Air Magic      | 3 4 |  4.2
Translocations | 3 4 |  4.3
Short Blades   | |  2.0

Action                     |  1- 3 |  4- 6 |  7- 9 | 10-12 | 13-15 || total
---------------------------+-------+-------+-------+-------+-------++-------
  Melee: Rapier            |   101 |    60 |    22 |       |       ||   183
         Glaive            |       |   193 |   301 |   436 |   491 ||  1421
         Punch             |       |     1 |       |       |       ||     1
  Throw: Throwing net      |       |       |       |     2 |     3 ||     5
         Dart              |       |       |       |       |     1 ||     1
   Cast: Ozocubu's Armour  |       |       |       |       |     7 ||     7
         Wereblood         |       |       |       |       |     4 ||     4
         Vhi's Electric Ch |       |       |       |       |     4 ||     4
 Invoke: Ancestor Identity |       |       |     1 |       |       ||     1
         Ancestor Life: He |       |       |     1 |       |       ||     1
         Transference      |       |       |       |     1 |     1 ||     2
         Recall Ancestor   |       |       |       |     2 |     1 ||     3
         Idealise          |       |       |       |       |     6 ||     6
  Evoke: Wand              |       |     5 |     8 |    41 |    10 ||    64
         Tin of tremorston |       |       |       |       |     2 ||     2
    Use: Potion            |     2 |       |       |       |     5 ||     7
         Scroll            |       |       |     7 |    12 |     6 ||    25
   Stab: Sleeping          |     1 |       |       |     4 |     3 ||     8
         Distracted        |       |       |     3 |     9 |    15 ||    27
         Confused          |       |       |     4 |    19 |    17 ||    40
         Betrayed ally     |       |       |     1 |       |       ||     1
         Held in net/web   |       |       |       |     1 |     2 ||     3
 Armour: Leather armour    |    20 |       |       |       |       ||    20
         Scale mail        |       |   125 |   103 |       |       ||   228
         Chain mail        |       |       |    61 |     6 |       ||    67
         Acid dragon scale |       |       |       |   113 |       ||   113
         Steam dragon scal |       |       |       |    21 |       ||    21
         Plate armour      |       |       |       |   103 |   198 ||   301
         Troll leather arm |       |       |       |       |    67 ||    67
  Dodge: Dodged            |    63 |   122 |   146 |   256 |   170 ||   757
  Block: Other             |       |       |       |     1 |    85 ||    86
         Reflection        |       |       |       |       |     3 ||     3
